 Dungeon Crawl Stone Soup version 0.23.2 (webtiles) character file.

Game seed: 15619459774515170731

40 Kairos the Vexing (level 3, 13/26 HPs)
             Began as a Formicid Arcane Marksman on Apr 12, 2019.
             Quit the game on level 1 of the Dungeon.
             The game lasted 00:02:06 (1028 turns).

Kairos the Vexing (Formicid Arcane Marksman)        Turns: 1028, Time: 00:02:07

Health: 13/26      AC:  2    Str: 15    XL:     3   Next: 72%
Magic:  5/5        EV: 12    Int: 12    God:
Gold:   52         SH:  0    Dex: 11    Spells: 4/5 levels left

rFire    + . .     SeeInvis +   a - +0 hand crossbow
rCold    + . .     Gourm    .   (no shield)
rNeg     . . .     Faith    .   e - +0 robe
rPois    .         Spirit   .   (helmet unavailable)
rElec    .         Reflect  .   b - scarf {rC+ rF+}
rCorr    .         Harm     .   (no gloves)
MR       .....                  (no boots)
Stlth    +.........             (no amulet)
HPRegen  0.08/turn              (no ring)
MPRegen  0.09/turn              (no ring)

@: no status effects
A: permanent stasis, dig shafts and tunnels, four strong arms, antennae 3
a: Dig, Shaft Self


You were on level 1 of the Dungeon.
You were not hungry.

You visited 1 branch of the dungeon, and saw 2 of its levels.

You collected 52 gold pieces.

Inventory:

Hand Weapons
 a - a +0 hand crossbow (weapon)
 c - a +2 whip of freezing
Missiles
 d - 14 bolts (quivered)
Armour
 b - a scarf of resistance (worn)
 e - a +0 robe (worn)
Scrolls
 j - a scroll of identify {unknown}
Potions
 g - 2 potions of flight {unknown}
 h - a potion of heal wounds {unknown}
 i - a potion of might {unknown}
Comestibles
 f - 2 rations


   Skills:
 + Level 1.1 Fighting
 + Level 2.9 Crossbows
 + Level 1.8 Dodging
 + Level 0.4 Stealth
 + Level 1.5 Spellcasting
 + Level 4.2 Hexes


You had 4 spell levels left.
You knew the following spells:

 Your Spells              Type           Power        Failure   Level  Hunger
a - Corona                Hex            ##.....      4%          1    ##.....

Your spell library contained the following spells:

 Spells                   Type           Power        Failure   Level  Hunger
 Slow                     Hex            ##......     8%          2    ###....
 Inner Flame              Hex/Fire       #.......     34%         3    ####...
 Portal Projectile        Hex/Tloc       #.....       34%         3    ####...
 Cause Fear               Hex            ##........   45%         4    #####..
 Leda's Liquefaction      Hex/Erth       #.........   75%         4    #####..


Dungeon Overview and Level Annotations

Branches:
Dungeon (2/15)

Altars:


Innate Abilities, Weirdness & Mutations

You cannot be hasted, slowed, berserked, paralysed or teleported.
You can dig through walls and to a lower floor.
Your four strong arms can wield two-handed weapons with a shield.
You have a pair of large antennae on your head. (SInv)


Message History

Press: ? - help, Shift-Dir - straight line, f/p - rat
Aim: a rat You shoot a bolt.
The bolt hits the rat!
You kill the rat!
Firing (i - inventory)
d - 8 bolts (quivered)
Press: ? - help, Shift-Dir - straight line, f - you Really target yourself? [Y]es or [N]o only, please.
Really target yourself?
Okay, then.
Firing (i - inventory)
d - 8 bolts (quivered)
Press: ? - help, Shift-Dir - straight line
Okay, then.
Unknown command.
d - 9 bolts (gained 1)
Things that are here:
a stone; a +0 short sword; a rat corpse Unknown command.
d - 14 bolts (gained 5) Are you sure you want to abandon this character and quit the game? (Confirm with "yes".)

#.....##.##########.###
#####.#.#.....#.......).#
....#...#.#÷#.#.###...#.#
###.##..#.#...#.# ###.#.#
..#.#...#.##..#.### #.#.#
....[.........#...# #.#.#
......######..#.#####...#
..............#.....########
..##########....@##.# #....#
..# #.....##.# #.##.# ###
#.....##.###.##.#
#.....##....†...#
#.....#.#####.###
##########.....#.......#
#..............#.#######
#.###########.(#.# #.#
#...>..#


There were no monsters in sight!

Vanquished Creatures
  3 dart slugs (D:1)
  A ball python (D:1)
  5 giant cockroaches
  3 hobgoblins (D:1)
  5 jackals (D:1)
  7 bats (D:1)
  A frilled lizard (D:2)
  3 kobolds (D:1)
  3 rats (D:1)
31 creatures vanquished.

Notes
Turn   | Place    | Note
-------+----------+-------------------------------------------
     0 | D:1      | Kairos the Formicid Arcane Marksman began the quest for the
                  | Orb.
     0 | D:1      | Reached XP level 1. HP: 15/15 MP: 2/2
   440 | D:1      | Reached XP level 2. HP: 14/21 MP: 2/4
   491 | D:1      | Reached skill level 4 in Hexes
   610 | D:1      | Reached XP level 3. HP: 26/26 MP: 5/5
  1028 | D:1      | Quit the game

Skill      XL: |  1  2 |
---------------+-------+-----
Hexes          | 4 |  4.2
Fighting       | |  1.1
Crossbows      | |  2.9
Dodging        | |  1.8
Stealth        | |  0.4
Spellcasting   | |  1.5

Action                   || total
-------------------------++-------
Melee: Whip              ||    19
 Fire: Hand crossbow     ||    78
Armor: Robe              ||    19
Dodge: Dodged            ||    70
